 Dungeon Crawl Stone Soup version 0.32-a0-675-gdc239d62e1 (webtiles) character file.

Game seed: 16081441912576666804

4228 Strat the Destroyer (level 10, 0/52 HPs)
             Began as a Deep Elf Conjurer on Mar 11, 2024.
             Was a Believer of Hepliaklqana.
             Slain by an orc priest
             ... wielding a +0 short sword
              (3 damage)
             ... on level 8 of the Dungeon.
             The game lasted 00:21:57 (9101 turns).

Strat the Destroyer (Deep Elf Conjurer)             Turns: 9101, Time: 00:21:57

Health: 0/52       AC:  8    Str:  4    XL:     10   Next: 9%
Magic:  16/26      EV: 14    Int: 34    God:    Hepliaklqana [**....]
Gold:   406        SH:  0    Dex: 13    Spells: 18/29 levels left

rFire   + . .        a - +5 dagger (venom)
rCold   + . .        (no shield)
rNeg    . . .        g - +1 robe {rC+ rF+}
rPois   .            m - +0 helmet
rElec   .            (no cloak)
rCorr   .            (no gloves)
SInv    .            (no boots)
Will    +....        (no amulet)
Stlth   +++          d - +4 ring of protection
HPRegen 0.28/turn    H - +6 ring of intelligence
MPRegen 0.20/turn

%: no passive effects
@: lethally poisoned (0 -> -3), hasted, very quick
A: reduced essence
a: Renounce Religion, Recall Ancestor, Ancestor Identity


You were on level 8 of the Dungeon.
You worshipped Hepliaklqana.
Hepliaklqana was pleased with you.
You visited 2 branches of the dungeon, and saw 9 of its levels.

You collected 406 gold pieces.

Inventory:

Hand Weapons
 a - a +5 dagger of venom (weapon)
Missiles
 r - 3 throwing nets
Armour
 g - a +1 robe of resistance (worn)
 m - a +0 helmet (worn)
 t - a +1 robe of willpower
Jewellery
 d - a +4 ring of protection (left hand)
 s - a ring of protection from cold
 v - a ring of see invisible
 C - a ring of positive energy
 F - a ring of ice
 H - a +6 ring of intelligence (right hand)
Wands
 e - a wand of flame (40)
 x - a wand of charming (12)
 G - a wand of mindburst (17)
 I - a wand of iceblast (11)
Scrolls
 f - a scroll of brand weapon
 j - a scroll of identify
 l - a scroll of vulnerability
 n - a scroll of amnesia
 o - 2 scrolls of noise
 y - a scroll of enchant armour {unknown}
Potions
 b - 2 potions of magic
 h - a potion of lignification {unknown}
 i - 3 potions of enlightenment
 p - a potion of invisibility {unknown}
 q - 2 potions of attraction
 w - a potion of heal wounds {unknown}
 z - 2 potions of cancellation {unknown}
 A - a potion of mutation {unknown}
 B - a potion of resistance {unknown}
 D - a potion of brilliance {unknown}
 E - 3 potions of degeneration {unknown}


   Skills:
 + Level 4.7 Fighting
 + Level 6.5 Dodging
 - Level 6.0 Stealth
 - Level 10.0 Spellcasting
 - Level 10.0 Conjurations
 - Level 3.0 Translocations
 - Level 3.0 Alchemy


You had 18 spell levels left.
You knew the following spells:

 Your Spells              Type           Power      Damage    Failure   Level
a - Magic Dart            Conj           100%       1d8       1%          1
b - Searing Ray           Conj           100%       2d8       1%          2
c - Fulminant Prism       Conj/Alch      28%        3d14      1%          4
d - Iskenderun's Mystic   Conj/Tloc      57%        2d12      1%          4

Your spell library contained the following spells:

 Spells                   Type           Power      Damage    Failure   Level
 Jinxbite                 Hex            34%        N/A       4%          2
 Yara's Violent Unravell  Hex/Alch       13%        3d7       36%         5
 Enfeeble                 Hex            8%         N/A       100%        7


Dungeon Overview and Level Annotations

Branches:
Dungeon (8/15)             Temple (1/1) D:5
   Lair: D:8-11

Altars:
Ashenzari
Cheibriados
Dithmenos
Hepliaklqana
Kikubaaqudgha
Makhleb
Nemelex Xobeh
Okawaru
Qazlal
Ru
Sif Muna
Trog
Uskayaw
Vehumet
Xom
Yredelemnul
Zin
The Shining One

Shops:
D:5 =   D:6 :

Annotations:
D:3 2 transporters, bronco's ghost, weakling DENe
D:4 1 runed translucent door, dolemite99's ghost, amateur GnHs
D:5 Eustachio


Message History

The wolf bites Duvessa.
Duvessa hits the wolf with a +0 flail.
The wolf dies!
As you read the scroll of teleportation, it crumbles to dust.
You feel strangely unstable. The killer bee misses you.
The killer bee stings you.
* * * LOW HITPOINT WARNING * * *
You are poisoned.
The killer bee poisons you!
You swap places.
You feel very sick.
The killer bee stings Duvessa but does no damage.
Duvessa misses the killer bee.
The killer bee barely misses Duvessa.
The killer bee stings you.
* * * LOW HITPOINT WARNING * * *
You feel sick.
The killer bee stings Duvessa but does no damage. x2
Duvessa misses the killer bee.
The killer bee stings you.
* * * LOW HITPOINT WARNING * * *
You are more poisoned.
The killer bee poisons you!
You see here a wolf corpse.
You feel very sick.
The killer bee stings Duvessa. x2; The killer bee closely misses you.
Your surroundings suddenly seem different. 4 yaks come into view.
You feel very sick.
Unknown command.
Okay, then.
You feel yourself speed up.
You feel sick.
You feel sick.
You feel sick.
The yak bellows! x3; The orc priest shouts!
The yak barely misses you.
The yak bellows!
You feel sick.
You feel sick. The yak attacks as it pursues you! The yak gores you!
* * * LOW HITPOINT WARNING * * *
The orc priest hits you with a +0 short sword.
You die...
Hepliaklqana delivers you to your ancestors.

....~.#~..R†..#### #..#
..............######.##
.#.#...#.#...........############
....#.###.....#..>...)...........
.##... ##....#.....############.
. #... .#...........# #......#.
.... ........(....# #.####.#. .#.
..#..#........# #.# #...
....#..#....@...# #.# #### #.#
#.....?YoY..# #.# ..
#.#.....Y.Y..# #.# .............#
#.# ......#......#####.#
....###......##....# ...
#########.####### .. #.#<....# #
#.#####.#


You could see 4 yaks and an orc priest.

Vanquished Creatures
  A two-headed ogre (D:7)
  Psyche (D:8)
  A rime drake (D:8)
  Sigmund (D:3)
  A yak (D:5)
  3 ice beasts (D:8)
  A sky beast (D:6)
  2 ogres
  2 wolves (D:8)
  2 phantoms
  A kobold brigand (D:6)
  A bullfrog (D:7)
  8 wights
  3 scorpions
  A killer bee (D:8)
  2 hounds
  3 jellies (D:5)
  2 orc priests
  3 sleepcaps
  Jessica (D:2)
  5 iguanas
  6 orc wizards
  A gnoll (D:5)
  9 adders
  3 ufetubi
  4 ribbon worms
  3 dart slugs
  36 orcs
  5 ball pythons
  2 bats (D:3)
  6 endoplasms
  2 giant cockroaches
  5 goblins
  10 hobgoblins
  4 jackals (D:1)
  9 quokkas
  4 frilled lizards
  10 kobolds
  4 rats
168 creatures vanquished.

Vanquished Creatures (collateral kills)
  A yak (D:8)
  2 wolves (D:8)
  A scorpion (D:6)
  An iguana (D:6)
  3 ufetubi
  2 orcs
  A kobold (D:6)
11 creatures vanquished.

Vanquished Creatures (others)
  3 ancestors
  3 fulminant prisms (D:7)
6 creatures vanquished.

Grand Total: 185 creatures vanquished

Notes
Turn   | Place    | Note
-------+----------+-------------------------------------------
     0 | D:1      | Strat the Deep Elf Conjurer began the quest for the Orb.
     0 | D:1      | Reached XP level 1. HP: 10/10 MP: 6/6
   248 | D:1      | Reached XP level 2. HP: 15/15 MP: 6/8
   356 | D:1      | Learned a level 2 spell: Searing Ray
   746 | D:1      | Reached skill level 5 in Conjurations
  1155 | D:1      | Reached XP level 3. HP: 19/19 MP: 6/10
  1497 | D:2      | Noticed Jessica
  1532 | D:2      | Killed Jessica
  1607 | D:2      | Reached XP level 4. HP: 24/24 MP: 9/12
  1641 | D:2      | Found a shimmering blue altar of Sif Muna.
  1647 | D:2      | Learned a level 4 spell: Fulminant Prism
  2454 | D:3      | Noticed bronco's ghost (weakling DENe)
  2454 | D:3      | Found a transporter.
  2482 | D:3      | Noticed an ogre
  2495 | D:3      | Noticed an ogre
  2555 | D:3      | Found a transporter.
  2665 | D:3      | Noticed Sigmund
  2676 | D:3      | Learned a level 4 spell: Iskenderun's Mystic Blast
  2755 | D:3      | Reached XP level 5. HP: 28/28 MP: 11/14
  2947 | D:3      | Killed Sigmund
  2948 | D:3      | Reached skill level 5 in Spellcasting
  2948 | D:3      | Reached XP level 6. HP: 32/32 MP: 6/16
  3183 | D:3      | Found a faded altar of an unknown god.
  3656 | D:3      | You fall into a shaft and drop 2 floors!
  3656 | D:5      | Entered Level 5 of the Dungeon
  3673 | D:5      | Found Joel's Jewellery Shoppe.
  3920 | D:5      | Reached XP level 7. HP: 36/36 MP: 11/18
  4017 | D:5      | Found a glowing golden altar of the Shining One.
  4054 | D:5      | Found a staircase to the Ecumenical Temple.
  4065 | Temple   | Entered the Ecumenical Temple
  4080 | Temple   | Became a worshipper of Hepliaklqana the Forgotten
  4486 | D:4      | Found a shadowy altar of Dithmenos.
  4560 | D:4      | Reached skill level 1 in Translocations
  4560 | D:4      | Reached skill level 1 in Alchemy
  4821 | D:4      | Found a runed translucent door.
  4839 | D:4      | Noticed dolemite99's ghost (amateur GnHs)
  5348 | D:5      | Noticed Eustachio
  5473 | D:5      | Reached * piety under Hepliaklqana
  5676 | D:5      | Reached XP level 8. HP: 27/37 MP: 11/19
  6142 | D:6      | Found Xophialo's Book Emporium.
  6337 | D:6      | Reached skill level 1 in Fighting
  7244 | D:7      | Reached skill level 10 in Conjurations
  7261 | D:7      | Noticed a two-headed ogre
  7271 | D:7      | Killed a two-headed ogre
  7272 | D:7      | Reached XP level 9. HP: 44/44 MP: 11/24
  7543 | D:7      | Reached ** piety under Hepliaklqana
  7544 | D:7      | Remembered your ancestor Duvessa as a knight
  7572 | D:7      | Found a broken altar of Ashenzari.
  8000 | D:7      | Reached skill level 10 in Spellcasting
  8269 | D:7      | Found a bloodstained altar of Trog.
  8556 | D:8      | Noticed Psyche
  8727 | D:8      | Reached skill level 5 in Stealth
  8873 | D:8      | Reached skill level 5 in Dodging
  8934 | D:8      | Killed Psyche
  8946 | D:8      | Noticed a rime drake
  8955 | D:8      | Killed a rime drake
  8956 | D:8      | Reached XP level 10. HP: 38/52 MP: 12/26
  9101 | D:8      | Slain by an orc priest

Illustrated notes

Levels and vault maps discovered:
D:1:      tarquinn_simple_flora_water_e, layout_loops_ring
D:2:      layout_basic, basic_altar, uniq_jessica
D:3:      minmay_diamond_boxcup, layout_loops_cross,
          shapermc_ecumenical_altar_venn, gammafunk_ghost_smash, uniq_sigmund
D:4:      layout_basic, nicolae_dithmenos_the_darkroom, ebering_ghost_sewer_d
D:5:      minmay_chambers_of_fours, layout_cave_pools,
          mainiacjoe_overflow_paths, minmay_temple_entry_gardened_gates,
          serial_shops, shop, uniq_eustachio
D:6:      layout_basic, serial_shops, shop, minmay_misc_feat_cross,
          nicolae_underground_beach
D:7:      layout_cave_pods, evilmike_ruin_ashenzari, lightli_temple_of_fire,
          minmay_misc_feat_x, minmay_circle_x
D:8:      layout_basic, gammafunk_temple_overflow_wave, hellmonk_lair_entry_icy,
          chequers_serial_rivers_micro_c, grunt_ogre_cave, uniq_jeremiah,
          uniq_psyche
Temple:   eino_narrow_crystal_temple

Skill      XL: |  1  2  3  4  5  6  7  8  9 |
---------------+----------------------------+-----
Conjurations   | 5 6 7 8 10 | 10.0
Spellcasting   | 4 5 6 9 10 | 10.0
Translocations | 2 3 |  3.0
Alchemy        | 2 3 |  3.0
Fighting       | 2 4 |  4.7
Dodging        | 3 6 |  6.5
Stealth        | 3 6 |  6.0

Action                     |  1- 3 |  4- 6 |  7- 9 | 10-12 || total
---------------------------+-------+-------+-------+-------++-------
  Melee: Dagger            |       |     2 |    19 |       ||    21
   Cast: Magic Dart        |    27 |     1 |       |       ||    28
         Searing Ray       |    16 |    54 |    91 |     4 ||   165
         Fulminant Prism   |       |       |     3 |       ||     3
 Invoke: Ancestor Identity |       |       |     1 |       ||     1
         Recall Ancestor   |       |       |     1 |     1 ||     2
         Ancestor Life: Kn |       |       |     1 |       ||     1
    Use: Scroll            |       |       |    15 |     2 ||    17
         Potion            |       |       |     1 |     2 ||     3
   Stab: Sleeping          |       |     1 |       |       ||     1
 Armour: Robe              |     6 |     3 |    49 |    21 ||    79
  Dodge: Dodged            |     6 |    10 |    56 |    21 ||    93

Table legend: (Time is in decaauts)
 A = Elapsed time spent in this place.
 B = Non-inter-level travel time spent in this place.
 C = Inter-level travel time spent in this place.
 D = Time resting spent in this place.
 E = Time spent auto-exploring this place.
 F = Levels seen in this place.
 G = Mean time per level.
                   A        B        C        D        E       F      G
               +--------+--------+--------+--------+--------+-----+--------+
         Total |   9095 |   8791 |    304 |   1841 |   5037 |   9 | 1010.6 |
       Dungeon |   9064 |   8774 |    290 |   1841 |   5037 |   8 | 1133.0 |
        Temple |     30 |     16 |     14 |      0 |      0 |   1 |   30.0 |
               +--------+--------+--------+--------+--------+-----+--------+

Top non-repeatable levels by time:
     D:1: 1363 daAuts
     D:3: 1361 daAuts
     D:7: 1358 daAuts
     D:5: 1313 daAuts
     D:6: 1125 daAuts
     D:2: 1089 daAuts
     D:4: 977 daAuts
     D:8: 476 daAuts
  Temple: 30 daAuts
